 Dungeon Crawl Stone Soup version 0.29.0 (webtiles) character file.

Game seed: 16834184576241168197

4 themarg the Insei (level 1, 0/17 HPs)
             Began as a Gnoll Transmuter on Aug 24, 2022.
             Slain by a jackal (3 damage)
             ... on level 1 of the Dungeon.
             The game lasted 00:00:48 (109 turns).

themarg the Insei (Gnoll Transmuter)                 Turns: 109, Time: 00:00:49

Health: 0/17       AC:  2    Str:  9    XL:     1   Next: 70%
Magic:  5/6        EV: 13    Int: 12    God:
Gold:   62         SH:  0    Dex: 12    Spells: 8/9 levels left

rFire   . . .      SeeInvis .   c - +0 hand axe
rCold   . . .      Faith    .   (no shield)
rNeg    . . .      Spirit   .   a - +0 robe
rPois   .          Reflect  .   (helmet currently unavailable)
rElec   .          Harm     .   (no cloak)
rCorr   .          Rampage  .   (no gloves)
Will    .....                   (boots currently unavailable)
Stlth   +.........              (no amulet)
HPRegen 0.05/turn               (no ring)
MPRegen 0.10/turn               (no ring)

@: appendages
A: horns 2, talons 2, fangs 1, strong nose, distributed training
a: End Transformation


You were on level 1 of the Dungeon.
You had temporarily grown beastly horns and talons.
You visited 1 branch of the dungeon, and saw 1 of its levels.

You collected 62 gold pieces.

Inventory:

Hand Weapons
 c - a +0 hand axe (weapon)
Armour
 a - a +0 robe (worn)
Scrolls
 d - a scroll of enchant weapon {unknown}
Potions
 b - a potion of lignification
 e - a potion of heal wounds {unknown}


   Skills:
 + Level 2.4 Fighting
 + Level 0.1 Short Blades
 + Level 0.1 Long Blades
 + Level 0.1 Axes
 + Level 0.1 Maces & Flails
 + Level 0.1 Polearms
 + Level 0.1 Staves
 + Level 0.1 Ranged Weapons
 + Level 0.1 Throwing
 + Level 0.1 Armour
 + Level 4.4 Dodging
 + Level 0.1 Stealth
 + Level 0.1 Shields
 + Level 6.4 Unarmed Combat
 + Level 4.9 Spellcasting
 + Level 0.1 Conjurations
 + Level 0.1 Hexes
 + Level 0.1 Summonings
 + Level 0.1 Necromancy
 + Level 0.1 Translocations
 + Level 3.6 Transmutations
 + Level 0.1 Fire Magic
 + Level 0.1 Ice Magic
 + Level 0.1 Air Magic
 + Level 0.1 Earth Magic
 + Level 0.1 Poison Magic
 + Level 0.2 Invocations
 + Level 0.1 Evocations


You had 8 spell levels left.
You knew the following spells:

 Your Spells              Type           Power      Damage    Failure   Level
a - Beastly Appendage     Tmut           22%        N/A       4%          1

Your spell library contained the following spells:

 Spells                   Type           Power      Damage    Failure   Level
 Wereblood                Tmut           11%        N/A       7%          2
 Spider Form              Tmut/Pois      7%         N/A       28%         3
 Ice Form                 Ice/Tmut       7%         N/A       67%         4


Dungeon Overview and Level Annotations

Branches:
Dungeon (1/15)

Altars:


Innate Abilities, Weirdness & Mutations

You have temporarily grown beastly horns and talons.
You have very sharp teeth.
Your uncanny sense of smell can sniff out nearby items.
Your experience applies equally to all skills.


Message History

You hit the endoplasm.
You bite the endoplasm, but do no damage.
The endoplasm is heavily wounded.
The endoplasm closely misses you.
You hit the endoplasm.
You kill the endoplasm!
Your transformation is almost over.
d - a scroll labelled MUGILA DOTZEF
e - a sedimented sapphire potion Your horns disappear.
Your talons disappear.
HP restored.
A jackal comes into view.
Casting: Beastly Appendage (safe; 4% risk of failure)
Confirm with . or Enter, or press ? or * to list all spells.
You grow a pair of large bovine horns.
Your feet morph into talons.
The jackal barks!
You hear a bark!
A jackal comes into view.
You hear an angry hiss.
A jackal comes into view.
The jackal bites you. x2
The jackal bites you but does no damage.
You hit the jackal but do no damage. You hit the jackal.
The jackal closely misses you. The jackal bites you.
You closely miss the jackal. Your kick misses the jackal.
You bite the jackal, but do no damage. You hit the jackal.
The jackal closely misses you. The jackal bites you.
The jackal closely misses you.
You closely miss the jackal. Your kick misses the jackal.
You bite the jackal, but do no damage. You hit the jackal.
You barely miss the jackal. The jackal closely misses you.
The jackal bites you but does no damage.
The jackal bites you.
* * * LOW HITPOINT WARNING * * *
The jackal barely misses you. x2; The jackal closely misses you.
You hit the jackal.
The jackal is lightly wounded.
You hit the jackal.
You kill the jackal!
You hit the jackal. The jackal barely misses you. The jackal bites you.
You die...

. #.......... .. ..
#........# #..
.###.##........#
#...# ..#...........#
#..## #..#
#........###....
#...##........#....#.
#...#........#.###..
#hh#...............
#†@#...............
#....#######..####.
##...# #.......
....................
#####...##.....######
##.......... #
#.....#...# #
........### #
.##....# ..##


You could see 2 jackals.

Vanquished Creatures
  An endoplasm (D:1)
  A jackal (D:1)
  2 ball pythons (D:1)
  A frilled lizard (D:1)
  A kobold (D:1)
6 creatures vanquished.

Notes
Turn   | Place    | Note
-------+----------+-------------------------------------------
     0 | D:1      | themarg the Gnoll Transmuter began the quest for the Orb.
     0 | D:1      | Reached XP level 1. HP: 17/17 MP: 6/6
   109 | D:1      | Slain by a jackal

Illustrated notes

Levels and vault maps discovered:
D:1:      dpeg_arrival_windows_large_door, layout_rooms

Action                   || total
-------------------------++-------
Melee: Hand axe          ||    13
       Bite              ||     3
       Kick              ||     2
 Cast: Beastly Appendage ||     5
Armor: Robe              ||     3
Dodge: Dodged            ||    12
